 Dungeon Crawl Stone Soup version 0.31.0-11-ge490571c62 (webtiles) character file.

Game seed: 5569478075351627726

639 qw the Skirmisher (level 7, 0/40 HPs)
             Began as a Deep Elf Hunter on Feb 3, 2024.
             Slain by a gnoll
             ... wielding a +0 halberd
             ... led by a gnoll bouda
              (3 damage)
             ... on level 4 of the Dungeon.
             The game lasted 00:00:16 (2769 turns).

qw the Skirmisher (Deep Elf Hunter)                 Turns: 2769, Time: 00:00:16

Health: 0/40       AC: 10    Str: 10    XL:     7   Next: 25%
Magic:  9/9        EV: 11    Int: 14    God:
Gold:   146        SH:  0    Dex: 18    Spells: 6/6 levels left

rFire   + . .        a - +0 shortbow
rCold   . . .        (shield currently unavailable)
rNeg    . . .        b - +1 ring mail of Hiobokau {Rampage rF+ Will+}
rPois   .            o - +0 helmet
rElec   .            (no cloak)
rCorr   +            e - +0 pair of gloves
SInv    .            h - +1 pair of boots
Will    ++...        j - amulet of regeneration
Stlth   +            f - ring of willpower
HPRegen 1.06/turn    g - ring of resist corrosion
MPRegen 0.11/turn

%: rampage
@: no status effects
A: no striking features
a: no special abilities


You were on level 4 of the Dungeon.
You visited 1 branch of the dungeon, and saw 4 of its levels.

You collected 146 gold pieces.


   Skills:
 - Level 2.2 Fighting
 + Level 10.8 Ranged Weapons
 - Level 1.0 Armour
 - Level 3.2 Dodging
 - Level 1.2 Stealth


You had 6 spell levels left.
You didn't know any spells.
Your spell library was empty.

Inventory:

Hand Weapons
 a - a +0 shortbow (weapon)
Armour
 b - the +1 ring mail of Hiobokau (worn) {Rampage rF+ Will+}
   (You found it on level 2 of the Dungeon)

   rF+:       It protects you from fire.
   Will+:     It increases your willpower.
   Rampage:   It bestows one free step when moving towards enemies.
 e - a +0 pair of gloves (worn)
 h - a +1 pair of boots (worn)
 o - a +0 helmet (worn)
Jewellery
 f - a ring of willpower (left hand)
 g - a ring of resist corrosion (right hand)
 j - an amulet of regeneration (around neck)
Wands
 c - a wand of charming (9)
Potions
 d - 2 potions of mutation
 i - a potion of curing
 q - a potion of enlightenment {unknown}

Dungeon Overview and Level Annotations

Branches:
Dungeon (4/15)
 Temple: D:4-7

Altars:
Kikubaaqudgha
Xom

Shops:
D:1 :

Annotations:
D:3 4 runed translucent doors, Crazy Yiuf; qw's ghost, weakling DEHu


Message History

You shoot an arrow. The arrow closely misses the hound.
The hound bites you. The gnoll closely misses you. The hound bites you.
You shoot an arrow. The arrow misses the hound.
The gnoll barely misses you. The hound bites you but does no damage.
You shoot an arrow. The arrow hits the hound.
The hound is severely wounded.
The hound misses you.
A gnoll comes into view. It is wielding a +0 flail.
The gnoll barely misses you.
Enter note: You shoot an arrow.
The arrow hits the hound.
You kill the hound!
The gnoll hits you from afar with a +0 halberd.
The gnoll hits you but does no damage.
You shoot an arrow. The arrow hits the gnoll!
The gnoll is almost dead.
The gnoll hits you with a +0 flail!
The gnoll hits you from afar with a +0 halberd.
You shoot an arrow. The arrow hits the gnoll.
You kill the gnoll!
The gnoll hits you but does no damage.
You shoot an arrow.
The arrow hits the gnoll but does no damage.
You hear a shout!
The gnoll hits you from afar with a +0 halberd.
The gnoll closely misses you.
You shoot an arrow. The arrow barely misses the gnoll.
The arrow hits the gnoll!
The gnoll is heavily wounded.
A gnoll bouda comes into view. It is wielding a +0 club.
The gnoll hits you with a +0 flail. The gnoll barely misses you.
You shoot an arrow. The arrow hits the gnoll!
The gnoll is severely wounded.
The gnoll hits you from afar with a +0 halberd!
The gnoll hits you with a +0 flail.
The gnoll bouda barks out a call to the hunt!
The gnolls pick up the pace!
You shoot an arrow. The arrow hits the gnoll.
You kill the gnoll!
The gnoll hits you from afar with a +0 halberd.
You die...

#.##...#
##....
#.####.#
####.
#.####.#
##
#......#
##.....#
#.#####
#.# #.#
.#.####
#@#
.......
#).......
##.####
#g.#####.
g...
..###
....#
#....
...<.$
###.%
#.#....
#.# ..
..### #.#
...


You could see a gnoll bouda and a gnoll (swift).

Vanquished Creatures
  Grinder (D:3)
  Sigmund (D:2)
  A bombardier beetle (D:3)
  A hound (D:4)
  An orc priest (D:3)
  A sleepcap (D:3)
  2 orc wizards (D:3)
  2 gnolls (D:4)
  2 adders (D:3)
  2 dart slugs (D:1)
  3 ribbon worms
  6 orcs (D:3)
  5 bats
  7 endoplasms
  3 giant cockroaches
  8 goblins
  5 hobgoblins
  4 jackals (D:2)
  2 quokkas
  6 ball pythons
  A frilled lizard (D:3)
  4 kobolds
  8 rats
76 creatures vanquished.

Notes
Turn   | Place    | Note
-------+----------+-------------------------------------------
     0 | D:1      | qw the Deep Elf Hunter began the quest for the Orb.
     0 | D:1      | Reached XP level 1. HP: 12/12 MP: 3/3
     0 | D:1      | 0 ||| qw: Version: 0.3-a-157-g843a77d
     0 | D:1      | 0 ||| qw: Game counter: 3681
     0 | D:1      | 0 ||| qw: Melee chars always use a shield: true
     0 | D:1      | 0 ||| qw: God list: Okawaru
     0 | D:1      | 0 ||| qw: Allow faded altars: false
     0 | D:1      | 0 ||| qw: Do Orc after clearing Dungeon:15 true
     0 | D:1      | 0 ||| qw: Do second Lair branch before Depths: true
     0 | D:1      | 0 ||| qw: Lair rune preference: random
     0 | D:1      | 0 ||| qw: Goals: Normal
     0 | D:1      | 0 ||| PLANNING D:1-11
   129 | D:1      | Reached XP level 2. HP: 16/16 MP: 4/4
   146 | D:1      | Reached skill level 6 in Ranged Weapons
   438 | D:1      | Found Tuguosm's Book Shoppe.
   511 | D:1      | Found a faded altar of an unknown god.
   905 | D:1      | 905 ||| UPGRADING to +0 pair of gloves.
   910 | D:1      | 910 ||| UPGRADING to +1 pair of boots.
   915 | D:1      | 915 ||| UPGRADING to amulet of regeneration.
   920 | D:1      | 920 ||| READING scroll labelled MEJ FAPLIAM.
   921 | D:1      | 921 ||| READING scroll labelled KOZXAVA YREM.
   921 | D:1      | 921 ||| IDENTIFYING 2 fuming dark potions
   922 | D:1      | 922 ||| DRINKING 2 fizzy red potions.
   923 | D:1      | 923 ||| DROPPING scroll of butterflies.
   959 | D:2      | Noticed Sigmund
   976 | D:2      | HP: 1/16 [Sigmund/magic dart (7)]
   979 | D:2      | Killed Sigmund
   980 | D:2      | Reached skill level 8 in Ranged Weapons
   980 | D:2      | Reached XP level 3. HP: 6/20 MP: 5/5
   980 | D:2      | Reached XP level 4. HP: 7/25 MP: 6/6
   980 | D:2      | Reached XP level 5. HP: 8/29 MP: 7/7
  1028 | D:2      | Identified the +1 ring mail of Hiobokau {Rampage rF+ Will+}
  1118 | D:2      | Reached skill level 9 in Ranged Weapons
  1318 | D:2      | You fall into a shaft and drop 2 floors!
  1324 | D:4      | 1324 ||| UPGRADING to +1 ring mail of Hiobokau {Rampage rF+
                  | Will+}.
  1334 | D:4      | 1334 ||| DROPPING +0 leather armour.
  1335 | D:4      | 1335 ||| UPGRADING to ring of willpower.
  1336 | D:4      | 1336 ||| UPGRADING to ring of resist corrosion.
  1342 | D:3      | Found a runed translucent gate.
  1342 | D:3      | Found a runed translucent gate.
  1342 | D:3      | Found a runed translucent gate.
  1346 | D:3      | 1346 ||| FLEEEEING.
  1348 | D:3      | 1348 ||| FLEEEEING.
  1350 | D:3      | 1350 ||| FLEEEEING.
  1363 | D:3      | 1363 ||| STAIRDANCE
  1680 | D:3      | Noticed qw's ghost (weakling DEHu)
  1852 | D:3      | Reached skill level 1 in Armour
  1852 | D:3      | Reached XP level 6. HP: 35/35 MP: 8/8
  1964 | D:3      | Found a runed translucent door.
  1965 | D:3      | Noticed Crazy Yiuf
  2025 | D:3      | Noticed Grinder
  2049 | D:3      | Killed Grinder
  2050 | D:3      | Reached skill level 10 in Ranged Weapons
  2050 | D:3      | Reached XP level 7. HP: 40/40 MP: 9/9
  2050 | D:3      | Found a shimmering altar of Xom.
  2051 | D:3      | Found a shimmering altar of Xom.
  2052 | D:3      | Found a shimmering altar of Xom.
  2052 | D:3      | Found a shimmering altar of Xom.
  2054 | D:3      | Found a shimmering altar of Xom.
  2140 | D:3      | Found an ancient bone altar of Kikubaaqudgha.
  2198 | D:3      | HP: 10/40 [orc priest/divine providence (12)]
  2202 | D:3      | Reached skill level 3 in Dodging
  2203 | D:3      | HP: 10/40 [something/magic dart (5)]
  2574 | D:3      | 2574 ||| UPGRADING to +0 helmet.
  2579 | D:3      | 2579 ||| READING scroll of identify.
  2579 | D:3      | 2579 ||| IDENTIFYING sapphire potion
  2580 | D:3      | 2580 ||| READING scroll labelled ATUTHR QAC OFIO.
  2598 | D:3      | 2598 ||| READING scroll labelled LYNLIE BYKKA.
  2599 | D:3      | 2599 ||| READING scroll labelled VIUPEN UM DYU.
  2600 | D:3      | 2600 ||| READING scroll labelled JYPETEOKLY.
  2604 | D:3      | 2604 ||| DROPPING potion of attraction.
  2768 | D:4      | HP: 8/40 [gnoll/+0 halberd[a gnoll bouda] (7)]
  2768 | D:4      | HP: 2/40 [gnoll/+0 flail[a gnoll bouda] (6)]
  2769 | D:4      | Slain by a gnoll

Levels and vault maps discovered:
D:1:      psy_arrival_basics, layout_loops_ring, serial_shops,
          nicolae_book_shop_shelving,
          dreamdust_ecumenical_altar_hidden_monk_grotto
D:2:      layout_loops_ring, minmay_tree_intersection, uniq_sigmund
D:3:      wander_river, layout_basic, kiku_gazebo_garden_becter,
          xom_redecorated, gammafunk_ghost_nasty_kobolds,
          minmay_three_crescents, uniq_grinder, uniq_crazy_yiuf_cottage
D:4:      layout_loops_cross, ashenzari_conservatory_becter,
          mainiacjoe_overflow_cross_hatched, lemuel_round_altar,
          minmay_temple_entry_trees, serial_shops,
          nicolae_shop_competitors_out_of_business, uniq_eustachio

Skill      XL: |  1  2  3  4  5  6  7 |
---------------+----------------------+-----
Ranged Weapons | 8 9 10 | 10.8
Fighting       | 2 |  2.2
Armour         | 1 |  1.0
Dodging        | 3 |  3.2
Stealth        | |  1.2

Action                     |  1- 3 |  4- 6 |  7- 9 || total
---------------------------+-------+-------+-------++-------
   Fire: Shortbow          |    73 |   165 |    75 ||   313
    Use: Scroll            |     2 |       |     5 ||     7
         Potion            |     1 |       |       ||     1
 Armour: Leather armour    |    15 |    15 |       ||    30
         Ring mail         |       |    32 |    78 ||   110
  Dodge: Dodged            |    18 |    41 |    42 ||   101

Table legend:
 A = Non-vault XP
 B = Vault XP
 C = Vault XP percentage of total XP
 D = Non-vault monster count
 E = Vault monster count
 F = Vault count percentage of total count
                 A         B        C        D         E       F
            +---------+---------+-------+---------+---------+-------
      Total |     349 |     578 |  62.4 |      68 |       8 |  10.5
            +---------+---------+-------+---------+---------+-------
        D:1 |      34 |       0 |   0.0 |      19 |       0 |   0.0
        D:2 |      44 |     226 |  83.7 |      22 |       1 |   4.3
        D:3 |     195 |     352 |  64.4 |      23 |       7 |  23.3
        D:4 |      76 |       0 |   0.0 |       4 |       0 |   0.0
            +---------+---------+-------+---------+---------+-------
